 Dungeon Sprint DCSS version 0.20.1-1-g8b1a95d (webtiles) character file.

9524 wojtek the Shatterer (level 11, -18/114 HPs)
             Began as a Minotaur Fighter on Dec 27, 2017.
             Was the Champion of Trog.
             Demolished by an ettin
             ... wielding a +0 dire flail of protection
              (35 damage)
             ... in the Dungeon (Sprint IX: "|||||||||||||||||||||||||||||").
             The game lasted 00:04:23 (1426 turns).

wojtek the Shatterer (Minotaur Fighter)             Turns: 1426, Time: 00:04:24

Health: -18/114    AC: 17    Str: 23    XL:     11   Next: 24%
Magic:  3/3        EV: 10    Int:  8    God:    Trog [******]
Gold:   16         SH:  0    Dex: 14    Spells: 10/10 levels left

rFire    . . .     SeeInvis .   b - +2 great mace (antimagic)
rCold    . . .     Gourm    .   (shield currently unavailable)
rNeg     . . .     Faith    .   s - +1 chain mail
rPois    .         Spirit   .   v - +0 hat {Int+3}
rElec    .         Reflect  .   r - +0 cloak
rCorr    .         Harm     .   q - +0 pair of gloves
MR       .....     NoTele   +   (no boots)
Stlth    ..........             (no amulet)
Regen    0.3/turn               t - +2 ring of evasion
MPRegen  0.1/turn               u - +3 ring of dexterity

@: drained
A: retaliatory headbutt, horns 2
a: Berserk, Trog's Hand, Brothers in Arms, Burn Spellbooks, Renounce Religion


You were in the Dungeon.
You worshipped Trog.
Trog was exalted by your worship.
You were hungry.

You visited 1 branch You collected 16 gold pieces.

Inventory:

Hand Weapons
 a - a +2 dire flail of crushing
 b - a +2 antimagic great mace (weapon)
 y - a +0 flail
Missiles
 C - a throwing net (quivered)
Armour
 c - a +0 shield
 p - a +0 scale mail
 q - a +0 pair of gloves (worn)
 r - a +0 cloak (worn)
 s - a +1 chain mail (worn)
 v - a +0 hat of intelligence (worn)
Jewellery
 t - a +2 ring of evasion (left hand)
 u - a +3 ring of dexterity (right hand)
Wands
 o - a wand of acid (7/15)
Scrolls
 k - 2 scrolls of blinking
 l - 3 scrolls of fog
 n - 4 scrolls of remove curse
 w - a scroll of identify
Potions
 d - a potion of might
 e - 7 potions of curing
 g - 11 potions of heal wounds
 h - a potion of haste
 i - 4 potions of magic
 j - a potion of berserk rage
 m - a potion of invisibility
Books
 z - a book of Flames

   Spells                             Type                      Level
   a - Flame Tongue                   Conjuration/Fire             1
   b - Throw Flame                    Conjuration/Fire             2
   c - Conjure Flame                  Conjuration/Fire             3
   d - Inner Flame                    Hexes/Fire                   3
   e - Sticky Flame                   Conjuration/Fire             4
   f - Fireball                       Conjuration/Fire             5
   Trog disapproves of the use of such an item.
Comestibles
 f - 13 bread rations
 A - 40 fruits
 B - 12 meat rations


   Skills:
 + Level 16.2(14.8) Fighting
 * Level 21.3(19.7) Maces & Flails
 + Level 16.1(14.7) Armour
 - Level 3.6(2.6) Shields


You had 10 spell levels left.
You didn't know any spells.

Dungeon Overview and Level Annotations

Branches:
Dungeon (1/1)

Altars:
Cheibriados
Dithmenos
Elyvilon
Fedhas
Gozag
Hepliaklqana
Kikubaaqudgha
Makhleb
Nemelex Xobeh
Okawaru
Qazlal
Ru
Sif Muna
Trog
Uskayaw
Vehumet
Xom
Yredelemnul
Zin
The Shining One
Beogh
Jiyva
Lugonu


Innate Abilities, Weirdness & Mutations

You reflexively headbutt those who attack you in melee.
You have a pair of horns on your head.


Message History

You see here 6 needles of paralysis.
You bludgeon the ettin!! You headbutt the ettin.
The ettin is moderately wounded.
The ettin hits you with a dire flail of protection!
The ettin hits you with a dire flail of draining!!
You feel drained.
You hit the ettin.
The ettin is moderately wounded.
The ettin hits you with a dire flail of protection!
The ettin hits you with a dire flail of draining!!
* * * LOW HITPOINT WARNING * * *
You feel drained.
* * * LOW HITPOINT WARNING * * *
The orc priest begins to cast a cantrip, but forgets the words!
The orc priest looks braver for a moment.
The orc priest looks braver for a moment.
Your troll goes berserk!
You feel somewhat more hungry. The ettin hits you but does no damage.
The ettin hits you with a dire flail of draining!!
You die...

▓$▓.▓.▓.▓_▓
▓$▓.▓.▓.▓_▓
▓$▓.▓.▓.▓'▓
▓$▓.▓[▓.▓.▓
▓)▓.▓|▓.▓.▓
▓)▓.▓.▓.▓.▓
▓)▓.▓.▓.▓.▓
▓)▓.▓.▓.▓.▓
▓†▓@▓.▓.▓÷▓
▓(▓C▓.▓.▓.▓
▓.▓T▓.▓.▓.▓
▓.▓.▓'▓.▓.▓
▓.▓.▓.▓.▓.▓
▓o▓o▓.▓.▓.▓
▓.▓.▓.▓.▓)▓
▓.▓.▓.▓.▓.▓
▓C▓.▓.▓.▓.▓


You could see an ettin, an orc priest and a friendly troll (berserk).

Vanquished Creatures
  Gastronok (D)
  A stone giant (D)
  Harold (D)
  A hydra (D)
  An orc high priest (D)
  An ugly thing (D)
  A black mamba (D)
  2 spiny frogs (D)
  2 komodo dragons (D)
  A troll (D)
  3 hippogriffs (D)
  A yak (D)
  3 wargs (D)
  5 porcupines (D)
  3 hell hounds (D)
  2 ice beasts (D)
  2 wolves (D)
  2 crocodiles (D)
  A centaur (D)
  5 bullfrogs (D)
  A jelly (D)
  3 orc wizards (D)
  3 orc priests (D)
  A worker ant (D)
  An adder (D)
  A dart slug (D)
  2 leopard geckos (D)
  4 orcs (D)
  A bat skeleton (D)
  A goblin (D)
  A quokka (D)
  A giant cockroach zombie (D)
  2 rats (D)
61 creatures vanquished.

Notes
Turn   | Place    | Note
-------+----------+-------------------------------------------
     0 | D        | wojtek the Minotaur Fighter began the quest for the Orb.
     0 | D        | Reached XP level 1. HP: 19/19 MP: 0/0
     6 | D        | Reached skill level 3 in Maces & Flails
    10 | D        | Reached skill level 4 in Maces & Flails
    34 | D        | Noticed a jelly
    35 | D        | Reached XP level 2. HP: 27/27 MP: 1/1
    48 | D        | Reached skill level 5 in Fighting
    48 | D        | Reached skill level 6 in Maces & Flails
    48 | D        | Reached skill level 5 in Armour
    48 | D        | Reached XP level 3. HP: 26/36 MP: 2/2
   106 | D        | Found a roughly hewn altar of Beogh.
   106 | D        | Found a snail-covered altar of Cheibriados.
   106 | D        | Found a shadowy altar of Dithmenos.
   106 | D        | Found a white marble altar of Elyvilon.
   106 | D        | Found a blossoming altar of Fedhas.
   106 | D        | Found an opulent altar of Gozag.
   107 | D        | Found a hazy altar of Hepliaklqana.
   108 | D        | Found a viscous altar of Jiyva.
   109 | D        | Found an ancient bone altar of Kikubaaqudgha.
   110 | D        | Found a corrupted altar of Lugonu.
   111 | D        | Found a burning altar of Makhleb.
   112 | D        | Found a sparkling altar of Nemelex Xobeh.
   113 | D        | Found an iron altar of Okawaru.
   114 | D        | Found a stormy altar of Qazlal.
   115 | D        | Found a sacrificial altar of Ru.
   116 | D        | Found a deep blue altar of Sif Muna.
   117 | D        | Found a bloodstained altar of Trog.
   118 | D        | Found a hide-covered altar of Uskayaw.
   119 | D        | Found a radiant altar of Vehumet.
   121 | D        | Found a shimmering altar of Xom.
   122 | D        | Found a basalt altar of Yredelemnul.
   123 | D        | Found a glowing silver altar of Zin.
   124 | D        | Found a glowing golden altar of the Shining One.
   125 | D        | Became a worshipper of Trog the Wrathful
   183 | D        | Noticed an ice beast
   183 | D        | Noticed a yak
   183 | D        | Noticed an ice beast
   183 | D        | Noticed a centaur
   185 | D        | Killed a centaur
   185 | D        | Reached skill level 8 in Maces & Flails
   185 | D        | Reached XP level 4. HP: 45/45 MP: 3/3
   190 | D        | Killed an ice beast
   190 | D        | Reached skill level 10 in Maces & Flails
   190 | D        | Reached XP level 5. HP: 53/53 MP: 4/4
   193 | D        | Reached * piety under Trog
   198 | D        | Killed a yak
   198 | D        | Reached skill level 11 in Maces & Flails
   198 | D        | Reached XP level 6. HP: 55/63 MP: 5/5
   202 | D        | Killed an ice beast
   202 | D        | Reached ** piety under Trog
   202 | D        | Reached skill level 12 in Maces & Flails
   237 | D        | Noticed a komodo dragon
   237 | D        | Noticed a hippogriff
   237 | D        | Noticed a troll
   237 | D        | Noticed a purple ugly thing
   245 | D        | Killed a purple ugly thing
   245 | D        | Reached skill level 10 in Fighting
   245 | D        | Reached skill level 13 in Maces & Flails
   245 | D        | Reached skill level 10 in Armour
   245 | D        | Reached XP level 7. HP: 73/73 MP: 6/6
   251 | D        | Killed a troll
   251 | D        | Reached skill level 14 in Maces & Flails
   251 | D        | Reached XP level 8. HP: 74/82 MP: 7/7
   256 | D        | Killed a hippogriff
   256 | D        | Reached *** piety under Trog
   258 | D        | Killed a komodo dragon
   258 | D        | Reached skill level 15 in Maces & Flails
   379 | D        | Noticed Gastronok
   465 | D        | Killed Gastronok
   465 | D        | Reached **** piety under Trog
   465 | D        | Reached skill level 17 in Maces & Flails
   465 | D        | Reached XP level 9. HP: 68/93 MP: 8/8
   624 | D        | Noticed a six-headed hydra
   625 | D        | Noticed a spiny frog
   632 | D        | Killed a six-headed hydra
   632 | D        | Reached skill level 18 in Maces & Flails
   632 | D        | Reached XP level 10. HP: 103/103 MP: 9/9
   635 | D        | Reached ***** piety under Trog
   641 | D        | Killed a spiny frog
   648 | D        | Reached skill level 19 in Maces & Flails
   684 | D        | Noticed a spiny frog
   684 | D        | Noticed a black mamba
   687 | D        | Received a gift from Trog
   699 | D        | Killed a black mamba
   705 | D        | Killed a spiny frog
   705 | D        | Reached skill level 15 in Fighting
   708 | D        | Reached skill level 15 in Armour
   712 | D        | Reached ****** piety under Trog
   915 | D        | Received a gift from Trog
   915 | D        | Reached skill level 20 in Maces & Flails
  1089 | D        | Noticed Harold
  1103 | D        | Killed Harold
  1103 | D        | Reached XP level 11. HP: 51/114 MP: 3/10
  1351 | D        | Noticed a stone giant
  1351 | D        | Noticed an orc high priest
  1356 | D        | Killed an orc high priest
  1362 | D        | Received a gift from Trog
  1369 | D        | Killed a stone giant
  1369 | D        | Reached skill level 21 in Maces & Flails
  1380 | D        | Received a gift from Trog
  1395 | D        | Noticed an ettin
  1426 | D        | Demolished by an ettin

Skill      XL: |  1  2  3  4  5  6  7  8  9 10 11 |
---------------+----------------------------------+-----
Maces & Flails | 4 6 8 10 11 13 14 17 18 20 21 | 21.3
Armour         | 4 5 6 7 9 10 11 13 15 16 | 16.1
Fighting       | 4 5 6 7 9 10 11 13 14 15 16 | 16.2
Shields        | |  3.6

Action                   |  1- 3 |  4- 6 |  7- 9 | 10-12 || total
-------------------------+-------+-------+-------+-------++-------
Melee: Flail             |    24 |       |       |       ||    24
       Headbutt          |     2 |     3 |    10 |    27 ||    42
       Dire flail        |     1 |    22 |    30 |    63 ||   116
       Great mace        |       |       |       |    42 ||    42
Invok: Berserk           |       |       |     1 |       ||     1
       Brothers in Arms  |       |       |       |     1 ||     1
  Eat: Chunk             |       |       |       |     2 ||     2
Armor: Scale mail        |     8 |       |       |       ||     8
       Chain mail        |     1 |     2 |    11 |    35 ||    49
Dodge: Dodged            |     4 |     9 |    11 |    26 ||    50
Block: Shield            |    11 |       |       |       ||    11
